Flames vs Sabres

Created - February 28 2007 at 18:07

Goals
1 2 3 T
Flames 1 2 1 4
Sabres 2 0 0 2
Shots
1 2 3 T
Flames 6 8 9 23
Sabres 11 10 9 30

Period #1

1. Sabres , John-Michael Liles 10 (Daniel Briere, Teppo Numminen) at 2:33 (PP)
2. Flames , Joe Nieuwendyk 14 (Andrei Zyuzin, Chuck Kobasew) at 8:35
3. Sabres , Milan Hejduk 24 (Teppo Numminen) at 15:55 (PP)

Penalities :
Dion Phaneuf (CGY) for Checking from behind (Major) at 0:20, Jaroslav Modry (CGY) for Holding (Minor) at 15:44, Joe Nieuwendyk (CGY) for Clipping (Minor) at 18:15

Period #2

4. Flames , Jarome Iginla 27 (Dion Phaneuf) at 8:13 (PP)
5. Flames , Jarome Iginla 28 (Roman Hamrlik, Tony Amonte) at 11:22

Penalities :
Danny Markov (BUF) for Charging (Minor) at 1:48, John-Michael Liles (BUF) for Boarding (Minor) at 4:17, Danny Markov (BUF) for Hooking (Minor) at 7:40, Derek Roy (BUF) for Cross-checking (Minor) at 12:54

Period #3

6. Flames , Tony Amonte 7 (Daymond Langkow) at 12:18

Penalities :
Nathan Horton (BUF) for Elbowing (Minor) at 5:27, Andrei Zyuzin (CGY) for Hooking (Minor) at 13:05, Chuck Kobasew (CGY) for Slashing (Minor) at 15:05

Goalie Stats

Ed Belfour (CGY), 28 saves from 30 shots - (0.933), W, 12-4-1, 60:00 minutes
Ryan Miller (BUF), 15 saves from 19 shots - (0.789), L, 21-13-6, 52:18 minutes
Peter Budaj (BUF), 4 saves from 4 shots - (1.000), 7:42 minutes

Players Stats

Flames
Player Name              G  A  P  +/- PIM S  H  SB FO MP 
-----------------------------------------------------------
Alex Tanguay             0  0  0   0  0   1  0  0  3  18 
Andrei Zyuzin            0  1  1   1  2   0  0  1  0  18 
Andrew Ference           0  0  0   1  0   0  1  1  0  16 
Bill Guerin              0  0  0   0  0   0  1  0  4  13 
Brian Willsie            0  0  0   0  0   1  0  0  1  9  
Chuck Kobasew            0  1  1   1  2   3  0  0  1  15 
Craig Conroy             0  0  0   0  0   0  1  0  14 18 
Daymond Langkow          0  1  1   2  0   1  0  0  29 23 
Dion Phaneuf             0  1  1   0  5   1  1  0  0  22 
Jarome Iginla            2  0  2   2  0   8  1  0  1  22 
Jaroslav Modry           0  0  0   2  2   0  2  0  0  22 
Joe Nieuwendyk           1  0  1   1  2   3  0  0  13 17 
Jussi Jokinen            0  0  0   0  0   1  0  0  1  8  
Kristian Huselius        0  0  0   1  0   0  0  0  2  16 
Matthew Lombardi         0  0  0   0  0   0  0  0  10 9  
Robyn Regehr             0  0  0   0  0   0  0  2  0  23 
Roman Hamrlik            0  1  1   2  0   2  1  0  0  21 
Tony Amonte              1  1  2   2  0   2  0  0  2  17 
Sabres
Player Name              G  A  P  +/- PIM S  H  SB FO MP 
-----------------------------------------------------------
Brian Campbell           0  0  0   0  0   0  1  3  0  17 
Chris Drury              0  0  0  -2  0   1  0  0  1  16 
Daniel Briere            0  1  1  -2  0   3  0  0  19 14 
Danny Markov             0  0  0   0  4   0  0  1  0  14 
Derek Roy                0  0  0   0  2   5  0  0  21 20 
Dmitri Kalinin           0  0  0   0  0   0  0  2  0  12 
Doug Weight              0  0  0  -1  0   5  0  0  13 22 
Henrik Tallinder         0  0  0  -2  0   0  1  1  0  14 
Jason Pominville         0  0  0   0  0   1  1  0  1  21 
Jochen Hecht             0  0  0   0  0   1  0  0  0  8  
John-Michael Liles       1  0  1  -1  2   4  1  2  0  21 
Maxim Afinogenov         0  0  0  -2  0   2  0  0  1  15 
Milan Hejduk             1  0  1   0  0   2  0  0  4  18 
Nathan Horton            0  0  0  -1  2   5  0  0  1  20 
Teppo Numminen           0  2  2  -1  0   0  0  1  0  23 
Thomas Vanek             0  0  0  -1  0   0  0  0  3  20 
Tim Connolly             0  0  0   0  0   1  0  0  17 13 
Toni Lydman              0  0  0  -2  0   0  1  1  0  21 

3 Stars

1 - Jarome Iginla (CGY)
2 - Tony Amonte (CGY)
3 - Ed Belfour (CGY)

Power Play

Flames - 1 on 5 Attempt(s) - 20.00%
Sabres - 2 on 5 Attempt(s) - 40.00%

Penalty Kill

Flames - 3 on 5 Attempt(s) - 60.00% - Score 0 goal in Penalty Kill
Sabres - 4 on 5 Attempt(s) - 80.00% - Score 0 goal in Penalty Kill

Game Notes

Peter Budaj enters game at 12:18 of 3rd period

Finance

Level 1 -- Attendance: 5987 (99.78%) -- Ticket Income $538,830.00
Level 2 -- Attendance: 5000 (100.00%) -- Ticket Income $250,000.00
Level 3 -- Attendance: 2107 (93.65%) -- Ticket Income $67,424.00
Level 4 -- Attendance: 4250 (100.00%) -- Ticket Income $85,000.00
Luxury Box -- Attendance: 907 (90.67%) -- Ticket Income $151,469.00
Game was played at the HSBC Arena
Total Attendance: 18251 (98.65%)
Total Ticket Income: $1,124,056.00
Other Income: $56,058.00
Total Income: $1,180,114.00


Play by Play

Period #1

0:01 of 1st period - Doug Weight wins face-off versus Bill Guerin in neutral zone.
0:04 of 1st period - Shot by Nathan Horton.
0:04 of 1st period - Shot Blocked by Robyn Regehr.
0:20 of 1st period - Major Penalty to Dion Phaneuf for Checking from behind.
0:21 of 1st period - Derek Roy wins face-off versus Daymond Langkow in Sabres zone.
0:48 of 1st period - Shot by Derek Roy.
0:48 of 1st period - Stopped by Ed Belfour with a rebound.
1:37 of 1st period - Shot by Doug Weight.
1:37 of 1st period - Stopped by Ed Belfour without a rebound.
1:38 of 1st period - Derek Roy wins face-off versus Daymond Langkow in Flames zone.
2:25 of 1st period - Shot by Daniel Briere.
2:25 of 1st period - Shot Misses the Net.
2:28 of 1st period - Shot by John-Michael Liles.
2:28 of 1st period - Shot Misses the Net.
2:33 of 1st period - Shot by John-Michael Liles.
2:33 of 1st period - Goal by John-Michael Liles - Flames : 0 - Sabres : 1.
2:34 of 1st period - Daniel Briere wins face-off versus Daymond Langkow in neutral zone.
2:36 of 1st period - Off-side.
2:37 of 1st period - Daniel Briere wins face-off versus Daymond Langkow in neutral zone.
2:44 of 1st period - Shot by Doug Weight.
2:44 of 1st period - Shot Misses the Net.
4:11 of 1st period - Shot by John-Michael Liles.
4:11 of 1st period - Shot Misses the Net.
4:28 of 1st period - Shot by Chris Drury.
4:28 of 1st period - Shot Misses the Net.
5:12 of 1st period - Icing by Toni Lydman.
5:13 of 1st period - Daymond Langkow wins face-off versus Daniel Briere in Sabres zone.
5:25 of 1st period - Dion Phaneuf is hit by Toni Lydman and loses puck.
5:35 of 1st period - Shot by Matthew Lombardi.
5:35 of 1st period - Shot Misses the Net.
5:36 of 1st period - Shot by Dion Phaneuf.
5:36 of 1st period - Stopped by Ryan Miller with a rebound.
5:39 of 1st period - Shot by Matthew Lombardi.
5:39 of 1st period - Shot Blocked by Toni Lydman.
5:42 of 1st period - Shot by Jussi Jokinen.
5:42 of 1st period - Shot Blocked by Dmitri Kalinin.
5:48 of 1st period - Icing by Tim Connolly.
5:49 of 1st period - Joe Nieuwendyk wins face-off versus Tim Connolly in Sabres zone.
6:24 of 1st period - Shot by Nathan Horton.
6:24 of 1st period - Shot Misses the Net.
6:27 of 1st period - Shot by Derek Roy.
6:27 of 1st period - Shot Misses the Net.
6:30 of 1st period - Shot by Jason Pominville.
6:30 of 1st period - Stopped by Ed Belfour without a rebound.
6:31 of 1st period - Daymond Langkow wins face-off versus Doug Weight in Flames zone.
6:38 of 1st period - Shot by Jarome Iginla.
6:38 of 1st period - Shot Misses the Net.
6:56 of 1st period - Off-side.
6:57 of 1st period - Craig Conroy wins face-off versus Daniel Briere in neutral zone.
6:57 of 1st period - Robyn Regehr is hit by Henrik Tallinder and loses puck.
7:09 of 1st period - Shot by Daniel Briere.
7:09 of 1st period - Stopped by Ed Belfour without a rebound.
7:10 of 1st period - Matthew Lombardi wins face-off versus Derek Roy in Flames zone.
7:41 of 1st period - Shot by Derek Roy.
7:41 of 1st period - Stopped by Ed Belfour with a rebound.
7:49 of 1st period - Off-side.
7:50 of 1st period - Daymond Langkow wins face-off versus Tim Connolly in neutral zone.
8:09 of 1st period - Shot by Tim Connolly.
8:09 of 1st period - Stopped by Ed Belfour without a rebound.
8:10 of 1st period - Joe Nieuwendyk wins face-off versus Doug Weight in Flames zone.
8:23 of 1st period - Shot by Chuck Kobasew.
8:23 of 1st period - Shot Misses the Net.
8:26 of 1st period - Shot by Joe Nieuwendyk.
8:26 of 1st period - Shot Hit the Post.
8:29 of 1st period - Shot by Joe Nieuwendyk.
8:29 of 1st period - Shot Blocked by Teppo Numminen.
8:30 of 1st period - Shot by Andrei Zyuzin.
8:30 of 1st period - Shot Misses the Net.
8:35 of 1st period - Shot by Joe Nieuwendyk.
8:35 of 1st period - Goal by Joe Nieuwendyk - Flames : 1 - Sabres : 1.
8:36 of 1st period - Daniel Briere wins face-off versus Daymond Langkow in neutral zone.
8:36 of 1st period - Maxim Afinogenov is hit by Jaroslav Modry and loses puck.
9:11 of 1st period - Icing by Toni Lydman.
9:12 of 1st period - Daniel Briere wins face-off versus Joe Nieuwendyk in Sabres zone.
9:34 of 1st period - Chuck Kobasew is hit by John-Michael Liles and loses puck.
10:19 of 1st period - Icing by Andrei Zyuzin.
10:20 of 1st period - Joe Nieuwendyk wins face-off versus Milan Hejduk in Flames zone.
11:35 of 1st period - Shot by Jarome Iginla.
11:35 of 1st period - Stopped by Ryan Miller with a rebound.
12:28 of 1st period - Shot by Matthew Lombardi.
12:28 of 1st period - Shot Blocked by John-Michael Liles.
12:29 of 1st period - Shot by Jussi Jokinen.
12:29 of 1st period - Shot Misses the Net.
12:30 of 1st period - Shot by Dion Phaneuf.
12:30 of 1st period - Shot Misses the Net.
12:33 of 1st period - Shot by Brian Willsie.
12:33 of 1st period - Stopped by Ryan Miller without a rebound.
12:34 of 1st period - Tim Connolly wins face-off versus Matthew Lombardi in Sabres zone.
13:52 of 1st period - Icing by Dion Phaneuf.
13:53 of 1st period - Thomas Vanek wins face-off versus Matthew Lombardi in Flames zone.
14:18 of 1st period - Shot by Nathan Horton.
14:18 of 1st period - Stopped by Ed Belfour with a rebound.
14:20 of 1st period - Icing by Robyn Regehr.
14:21 of 1st period - Daniel Briere wins face-off versus Matthew Lombardi in Flames zone.
14:35 of 1st period - Icing by Henrik Tallinder.
14:36 of 1st period - Daymond Langkow wins face-off versus Chris Drury in Sabres zone.
15:00 of 1st period - Icing by Daymond Langkow.
15:01 of 1st period - Derek Roy wins face-off versus Daymond Langkow in Flames zone.
15:02 of 1st period - Shot by Milan Hejduk.
15:02 of 1st period - Stopped by Ed Belfour without a rebound.
15:03 of 1st period - Kristian Huselius wins face-off versus Derek Roy in Flames zone.
15:20 of 1st period - Shot by Milan Hejduk.
15:20 of 1st period - Shot Misses the Net.
15:35 of 1st period - Shot by Joe Nieuwendyk.
15:35 of 1st period - Stopped by Ryan Miller without a rebound.
15:36 of 1st period - Daymond Langkow wins face-off versus Doug Weight in Sabres zone.
15:44 of 1st period - Minor Penalty to Jaroslav Modry for Holding.
15:45 of 1st period - Daymond Langkow wins face-off versus Daniel Briere in Sabres zone.
15:50 of 1st period - Shot by Roman Hamrlik.
15:50 of 1st period - Stopped by Ryan Miller with a rebound.
15:55 of 1st period - Shot by Milan Hejduk.
15:55 of 1st period - Goal by Milan Hejduk - Flames : 1 - Sabres : 2.
15:56 of 1st period - Tony Amonte wins face-off versus Tim Connolly in neutral zone.
17:05 of 1st period - Shot by Doug Weight.
17:05 of 1st period - Stopped by Ed Belfour without a rebound.
17:06 of 1st period - Derek Roy wins face-off versus Craig Conroy in Flames zone.
17:20 of 1st period - Milan Hejduk is hit by Craig Conroy and loses puck.
17:45 of 1st period - Off-side.
17:46 of 1st period - Joe Nieuwendyk wins face-off versus Nathan Horton in neutral zone.
18:14 of 1st period - Nathan Horton is hit by Andrew Ference and loses puck.
18:15 of 1st period - Minor Penalty to Joe Nieuwendyk for Clipping.
18:16 of 1st period - Daniel Briere wins face-off versus Alex Tanguay in Flames zone.
19:19 of 1st period - Shot by Nathan Horton.
19:19 of 1st period - Shot Misses the Net.

Period #2

0:01 of 2nd period - Craig Conroy wins face-off versus Daniel Briere in neutral zone.
0:04 of 2nd period - Shot by Alex Tanguay.
0:04 of 2nd period - Shot Misses the Net.
0:09 of 2nd period - Shot by Daniel Briere.
0:09 of 2nd period - Stopped by Ed Belfour with a rebound.
0:14 of 2nd period - Shot by Doug Weight.
0:14 of 2nd period - Stopped by Ed Belfour without a rebound.
0:15 of 2nd period - Tim Connolly wins face-off versus Daymond Langkow in Flames zone.
0:57 of 2nd period - Off-side.
0:58 of 2nd period - Doug Weight wins face-off versus Craig Conroy in neutral zone.
1:48 of 2nd period - Minor Penalty to Danny Markov for Charging.
1:49 of 2nd period - Daymond Langkow wins face-off versus Maxim Afinogenov in Flames zone.
2:14 of 2nd period - Shot by Jarome Iginla.
2:14 of 2nd period - Shot Misses the Net.
2:15 of 2nd period - Shot by Daymond Langkow.
2:15 of 2nd period - Shot Blocked by Dmitri Kalinin.
3:45 of 2nd period - Icing by Andrei Zyuzin.
3:46 of 2nd period - Daymond Langkow wins face-off versus Jason Pominville in Flames zone.
4:15 of 2nd period - Shot by Thomas Vanek.
4:15 of 2nd period - Shot Misses the Net.
4:17 of 2nd period - Minor Penalty to John-Michael Liles for Boarding.
4:18 of 2nd period - Craig Conroy wins face-off versus Tim Connolly in neutral zone.
5:20 of 2nd period - Icing by Jaroslav Modry.
5:21 of 2nd period - Derek Roy wins face-off versus Daymond Langkow in Flames zone.
5:57 of 2nd period - Off-side.
5:58 of 2nd period - Milan Hejduk wins face-off versus Joe Nieuwendyk in neutral zone.
6:37 of 2nd period - Shot by Nathan Horton.
6:37 of 2nd period - Stopped by Ed Belfour with a rebound.
6:38 of 2nd period - Shot by John-Michael Liles.
6:38 of 2nd period - Shot Misses the Net.
6:41 of 2nd period - Shot by John-Michael Liles.
6:41 of 2nd period - Stopped by Ed Belfour without a rebound.
6:42 of 2nd period - Matthew Lombardi wins face-off versus Daniel Briere in Flames zone.
6:44 of 2nd period - Icing by Jussi Jokinen.
6:45 of 2nd period - Daniel Briere wins face-off versus Jussi Jokinen in Flames zone.
6:50 of 2nd period - Shot by Chris Drury.
6:50 of 2nd period - Shot Misses the Net.
6:55 of 2nd period - Shot by Daniel Briere.
6:55 of 2nd period - Shot Misses the Net.
6:56 of 2nd period - Shot by Maxim Afinogenov.
6:56 of 2nd period - Stopped by Ed Belfour with a rebound.
7:07 of 2nd period - Shot by Brian Willsie.
7:07 of 2nd period - Shot Misses the Net.
7:35 of 2nd period - Off-side.
7:36 of 2nd period - Joe Nieuwendyk wins face-off versus Derek Roy in neutral zone.
7:40 of 2nd period - Minor Penalty to Danny Markov for Hooking.
7:41 of 2nd period - Derek Roy wins face-off versus Daymond Langkow in Sabres zone.
7:51 of 2nd period - Icing by Jarome Iginla.
7:52 of 2nd period - Daymond Langkow wins face-off versus Tim Connolly in Flames zone.
8:13 of 2nd period - Shot by Jarome Iginla.
8:13 of 2nd period - Goal by Jarome Iginla - Flames : 2 - Sabres : 2.
8:14 of 2nd period - Joe Nieuwendyk wins face-off versus Thomas Vanek in neutral zone.
8:27 of 2nd period - Shot by Doug Weight.
8:27 of 2nd period - Stopped by Ed Belfour with a rebound.
8:46 of 2nd period - Shot by Doug Weight.
8:46 of 2nd period - Shot Misses the Net.
8:51 of 2nd period - Shot by John-Michael Liles.
8:51 of 2nd period - Stopped by Ed Belfour without a rebound.
8:52 of 2nd period - Daymond Langkow wins face-off versus Derek Roy in Flames zone.
9:02 of 2nd period - Off-side.
9:03 of 2nd period - Craig Conroy wins face-off versus Tim Connolly in neutral zone.
9:20 of 2nd period - Shot by Jochen Hecht.
9:20 of 2nd period - Shot Misses the Net.
9:25 of 2nd period - Shot by Jochen Hecht.
9:25 of 2nd period - Stopped by Ed Belfour without a rebound.
9:26 of 2nd period - Derek Roy wins face-off versus Daymond Langkow in Flames zone.
9:52 of 2nd period - Icing by Danny Markov.
9:53 of 2nd period - Derek Roy wins face-off versus Chuck Kobasew in Sabres zone.
10:18 of 2nd period - Shot by Joe Nieuwendyk.
10:18 of 2nd period - Shot Misses the Net.
10:23 of 2nd period - Shot by Chuck Kobasew.
10:23 of 2nd period - Shot Misses the Net.
10:28 of 2nd period - Shot by Chuck Kobasew.
10:28 of 2nd period - Stopped by Ryan Miller with a rebound.
10:33 of 2nd period - Shot by Joe Nieuwendyk.
10:33 of 2nd period - Stopped by Ryan Miller without a rebound.
10:34 of 2nd period - Bill Guerin wins face-off versus Doug Weight in Sabres zone.
10:53 of 2nd period - Shot by Alex Tanguay.
10:53 of 2nd period - Stopped by Ryan Miller without a rebound.
10:54 of 2nd period - Daniel Briere wins face-off versus Tony Amonte in Sabres zone.
11:19 of 2nd period - Shot by Jarome Iginla.
11:19 of 2nd period - Shot Misses the Net.
11:22 of 2nd period - Shot by Jarome Iginla.
11:22 of 2nd period - Goal by Jarome Iginla - Flames : 3 - Sabres : 2.
11:23 of 2nd period - Craig Conroy wins face-off versus Doug Weight in neutral zone.
12:22 of 2nd period - Shot by Jochen Hecht.
12:22 of 2nd period - Stopped by Ed Belfour without a rebound.
12:23 of 2nd period - Derek Roy wins face-off versus Daymond Langkow in Flames zone.
12:25 of 2nd period - Jason Pominville is hit by Roman Hamrlik and loses puck.
12:54 of 2nd period - Minor Penalty to Derek Roy for Cross-checking.
12:55 of 2nd period - Tim Connolly wins face-off versus Jarome Iginla in Sabres zone.
13:16 of 2nd period - Shot by Jarome Iginla.
13:16 of 2nd period - Stopped by Ryan Miller without a rebound.
13:17 of 2nd period - Craig Conroy wins face-off versus Milan Hejduk in Sabres zone.
14:24 of 2nd period - Shot by Jarome Iginla.
14:24 of 2nd period - Stopped by Ryan Miller without a rebound.
14:25 of 2nd period - Tim Connolly wins face-off versus Daymond Langkow in Sabres zone.
14:34 of 2nd period - Shot by Joe Nieuwendyk.
14:34 of 2nd period - Shot Misses the Net.
14:39 of 2nd period - Shot by Tony Amonte.
14:39 of 2nd period - Shot Blocked by Henrik Tallinder.
14:40 of 2nd period - Shot by Joe Nieuwendyk.
14:40 of 2nd period - Stopped by Ryan Miller without a rebound.
14:41 of 2nd period - Tim Connolly wins face-off versus Craig Conroy in Sabres zone.
15:56 of 2nd period - Shot by Maxim Afinogenov.
15:56 of 2nd period - Shot Misses the Net.
15:59 of 2nd period - Shot by Maxim Afinogenov.
15:59 of 2nd period - Shot Misses the Net.
16:02 of 2nd period - Shot by Daniel Briere.
16:02 of 2nd period - Shot Misses the Net.
16:05 of 2nd period - Shot by Daniel Briere.
16:05 of 2nd period - Shot Misses the Net.
16:06 of 2nd period - Shot by Toni Lydman.
16:06 of 2nd period - Shot Blocked by Andrew Ference.
16:07 of 2nd period - Shot by Chris Drury.
16:07 of 2nd period - Shot Misses the Net.
16:10 of 2nd period - Shot by Maxim Afinogenov.
16:10 of 2nd period - Stopped by Ed Belfour without a rebound.
16:11 of 2nd period - Matthew Lombardi wins face-off versus Derek Roy in Flames zone.
16:50 of 2nd period - Shot by Jussi Jokinen.
16:50 of 2nd period - Shot Blocked by Brian Campbell.
17:47 of 2nd period - Shot by Jarome Iginla.
17:47 of 2nd period - Shot Misses the Net.
18:01 of 2nd period - Icing by Dmitri Kalinin.
18:02 of 2nd period - Tim Connolly wins face-off versus Alex Tanguay in Sabres zone.
19:34 of 2nd period - Icing by Chuck Kobasew.
19:35 of 2nd period - Joe Nieuwendyk wins face-off versus Daniel Briere in Flames zone.
19:43 of 2nd period - Icing by Henrik Tallinder.
19:44 of 2nd period - Daniel Briere wins face-off versus Matthew Lombardi in Sabres zone.
19:57 of 2nd period - Shot by Maxim Afinogenov.
19:57 of 2nd period - Shot Misses the Net.
19:58 of 2nd period - Shot by Daniel Briere.
19:58 of 2nd period - Shot Blocked by Robyn Regehr.

Period #3

0:01 of 3rd period - Doug Weight wins face-off versus Craig Conroy in neutral zone.
0:12 of 3rd period - Shot by Nathan Horton.
0:12 of 3rd period - Stopped by Ed Belfour with a rebound.
0:17 of 3rd period - Shot by Nathan Horton.
0:17 of 3rd period - Stopped by Ed Belfour without a rebound.
0:18 of 3rd period - Derek Roy wins face-off versus Daymond Langkow in Flames zone.
0:25 of 3rd period - Shot by Derek Roy.
0:25 of 3rd period - Stopped by Ed Belfour without a rebound.
0:26 of 3rd period - Joe Nieuwendyk wins face-off versus Daniel Briere in Flames zone.
1:30 of 3rd period - Off-side.
1:31 of 3rd period - Derek Roy wins face-off versus Daymond Langkow in neutral zone.
1:37 of 3rd period - Milan Hejduk is hit by Jaroslav Modry and loses puck.
2:06 of 3rd period - Roman Hamrlik is hit by Brian Campbell and loses puck.
2:14 of 3rd period - Shot by Roman Hamrlik.
2:14 of 3rd period - Shot Blocked by Brian Campbell.
4:04 of 3rd period - Icing by Chuck Kobasew.
4:05 of 3rd period - Joe Nieuwendyk wins face-off versus Tim Connolly in Flames zone.
5:06 of 3rd period - Shot by Derek Roy.
5:06 of 3rd period - Stopped by Ed Belfour without a rebound.
5:07 of 3rd period - Doug Weight wins face-off versus Matthew Lombardi in Flames zone.
5:08 of 3rd period - Shot by Nathan Horton.
5:08 of 3rd period - Stopped by Ed Belfour without a rebound.
5:09 of 3rd period - Doug Weight wins face-off versus Matthew Lombardi in Flames zone.
5:27 of 3rd period - Minor Penalty to Nathan Horton for Elbowing.
5:28 of 3rd period - Bill Guerin wins face-off versus Derek Roy in Sabres zone.
5:41 of 3rd period - Shot by Alex Tanguay.
5:41 of 3rd period - Shot Misses the Net.
5:42 of 3rd period - Shot by Dion Phaneuf.
5:42 of 3rd period - Shot Misses the Net.
5:45 of 3rd period - Shot by Craig Conroy.
5:45 of 3rd period - Shot Blocked by Danny Markov.
6:11 of 3rd period - Icing by Dion Phaneuf.
6:12 of 3rd period - Tim Connolly wins face-off versus Alex Tanguay in Flames zone.
6:12 of 3rd period - Jason Pominville is hit by Bill Guerin and loses puck.
7:34 of 3rd period - Shot by Kristian Huselius.
7:34 of 3rd period - Shot Misses the Net.
7:39 of 3rd period - Shot by Doug Weight.
7:39 of 3rd period - Stopped by Ed Belfour without a rebound.
7:40 of 3rd period - Kristian Huselius wins face-off versus Thomas Vanek in Flames zone.
7:51 of 3rd period - Shot by Chuck Kobasew.
7:51 of 3rd period - Stopped by Ryan Miller with a rebound.
7:56 of 3rd period - Shot by Doug Weight.
7:56 of 3rd period - Shot Blocked by Andrei Zyuzin.
10:05 of 3rd period - Shot by Jarome Iginla.
10:05 of 3rd period - Stopped by Ryan Miller without a rebound.
10:06 of 3rd period - Craig Conroy wins face-off versus Tim Connolly in Sabres zone.
10:11 of 3rd period - Shot by Alex Tanguay.
10:11 of 3rd period - Shot Misses the Net.
10:32 of 3rd period - Shot by Bill Guerin.
10:32 of 3rd period - Shot Misses the Net.
10:36 of 3rd period - Toni Lydman is hit by Dion Phaneuf and loses puck.
10:47 of 3rd period - Icing by Alex Tanguay.
10:48 of 3rd period - Bill Guerin wins face-off versus Doug Weight in Flames zone.
11:14 of 3rd period - Nathan Horton is hit by Jarome Iginla and loses puck.
11:29 of 3rd period - Icing by John-Michael Liles.
11:30 of 3rd period - Brian Willsie wins face-off versus Doug Weight in Sabres zone.
11:47 of 3rd period - Shot by Jussi Jokinen.
11:47 of 3rd period - Stopped by Ryan Miller with a rebound.
12:13 of 3rd period - Icing by Brian Campbell.
12:14 of 3rd period - Daymond Langkow wins face-off versus Derek Roy in Sabres zone.
12:15 of 3rd period - Shot by Jarome Iginla.
12:15 of 3rd period - Shot Blocked by Brian Campbell.
12:16 of 3rd period - Shot by Roman Hamrlik.
12:16 of 3rd period - Stopped by Ryan Miller without a rebound.
12:17 of 3rd period - Daymond Langkow wins face-off versus Daniel Briere in Sabres zone.
12:18 of 3rd period - Shot by Tony Amonte.
12:18 of 3rd period - Goal by Tony Amonte - Flames : 4 - Sabres : 2.
12:18 of 3rd period - Peter Budaj enters game.
12:19 of 3rd period - Daniel Briere wins face-off versus Daymond Langkow in neutral zone.
12:46 of 3rd period - Shot by Jarome Iginla.
12:46 of 3rd period - Stopped by Peter Budaj with a rebound.
12:49 of 3rd period - Shot by Tony Amonte.
12:49 of 3rd period - Shot Misses the Net.
12:50 of 3rd period - Shot by Jaroslav Modry.
12:50 of 3rd period - Shot Misses the Net.
12:55 of 3rd period - Shot by Tony Amonte.
12:55 of 3rd period - Stopped by Peter Budaj with a rebound.
13:00 of 3rd period - Shot by Daymond Langkow.
13:00 of 3rd period - Stopped by Peter Budaj without a rebound.
13:01 of 3rd period - Joe Nieuwendyk wins face-off versus Milan Hejduk in Sabres zone.
13:05 of 3rd period - Minor Penalty to Andrei Zyuzin for Hooking.
13:06 of 3rd period - Craig Conroy wins face-off versus Derek Roy in Sabres zone.
14:01 of 3rd period - Shot by Daniel Briere.
14:01 of 3rd period - Stopped by Ed Belfour with a rebound.
15:05 of 3rd period - Minor Penalty to Chuck Kobasew for Slashing.
15:06 of 3rd period - Joe Nieuwendyk wins face-off versus Derek Roy in Sabres zone.
15:06 of 3rd period - Roman Hamrlik is hit by Jason Pominville and loses puck.
15:48 of 3rd period - Shot by Kristian Huselius.
15:48 of 3rd period - Shot Blocked by John-Michael Liles.
15:50 of 3rd period - Icing by Teppo Numminen.
15:51 of 3rd period - Daymond Langkow wins face-off versus Tim Connolly in Sabres zone.
16:44 of 3rd period - Shot by Derek Roy.
16:44 of 3rd period - Stopped by Ed Belfour without a rebound.
16:45 of 3rd period - Craig Conroy wins face-off versus Daniel Briere in Flames zone.
17:06 of 3rd period - Shot by Tim Connolly.
17:06 of 3rd period - Shot Misses the Net.
17:12 of 3rd period - Icing by Tim Connolly.
17:13 of 3rd period - Matthew Lombardi wins face-off versus Tim Connolly in Sabres zone.
18:46 of 3rd period - Shot by Nathan Horton.
18:46 of 3rd period - Shot Misses the Net.
18:47 of 3rd period - Shot by John-Michael Liles.
18:47 of 3rd period - Stopped by Ed Belfour without a rebound.
18:48 of 3rd period - Derek Roy wins face-off versus Daymond Langkow in Flames zone.
19:13 of 3rd period - Shot by Jarome Iginla.
19:13 of 3rd period - Stopped by Peter Budaj without a rebound.
19:14 of 3rd period - Craig Conroy wins face-off versus Doug Weight in Sabres zone.


Output by the SimonT Hockey Simulator (STHS) for Stephane Roy -- Original Page W3C XHTML 1.0 Valid